 Dungeon Sprint DCSS version 0.21-a0-8-gcf94df6 (webtiles) character file.

142 Naow the Firebug (level 5, 0/31 HPs)
             Began as an Octopode Fire Elementalist on May 23, 2017.
             Was an Initiate of Vehumet.
             Slain by an orc warrior
             ... wielding a +0 short sword
              (10 damage)
             ... in the Dungeon (Sprint IX: "|||||||||||||||||||||||||||||").
             The game lasted 00:02:06 (480 turns).

Naow the Firebug (Octopode Fire Elementalist)        Turns: 480, Time: 00:02:07

Health: 0/31       AC:  1    Str:  7    XL:     5   Next: 24%
Magic:  1/13       EV: 13    Int: 25    God:    Vehumet [......]
Gold:   0          SH:  0    Dex: 12    Spells: 5/15 levels left

rFire    . . .     SeeInvis .   j - +0 dagger (curse)
rCold    . . .     Gourm    .   (no shield)
rNeg     . . .     Faith    .   (helmet restricted)
rPois    .         Spirit   .   (no amulet)
rElec    .         Reflect  .   n - +3 ring of intelligence
rCorr    .         Harm     .   o - +3 ring of intelligence
MR       .....     NoTele   +   (no ring)
Stlth    +++.......             (no ring)
Regen    0.1/turn               (no ring)
MPRegen  0.2/turn               (no ring)
                                (no ring)
                                (no ring)

@: very slightly contaminated
A: almost no armour, stealthy swim, amphibious, 8 rings, constrict 8, camouflage
1, gelatinous body 1
a: Renounce Religion


You were in the Dungeon.
You worshipped Vehumet.
Vehumet was noncommittal.
You were not hungry.

You visited 1 branch

Inventory:

Hand Weapons
 j - a cursed +0 dagger (weapon)
Jewellery
 n - a +3 ring of intelligence (left tentacle)
 o - a +3 ring of intelligence (right tentacle)
Wands
 m - a wand of iceblast (7/15)
Scrolls
 h - 2 scrolls of blinking
 k - 3 scrolls of remove curse
 l - 2 scrolls of amnesia
Potions
 c - 5 potions of curing
 d - 3 potions of heal wounds
 e - a potion of haste
 f - 4 potions of magic
 i - a potion of invisibility
Books
 a - a book of Flames

   Spells                             Type                      Level
   a - Flame Tongue                   Conjuration/Fire             1
   b - Throw Flame                    Conjuration/Fire             2
   c - Conjure Flame                  Conjuration/Fire             3
   d - Inner Flame                    Hexes/Fire                   3
   e - Sticky Flame                   Conjuration/Fire             4
   f - Fireball                       Conjuration/Fire             5
Comestibles
 b - a bread ration
 g - 4 chunks of flesh


   Skills:
 - Level 2.0 Dodging
 - Level 2.6 Stealth
 + Level 5.6 Spellcasting
 + Level 5.7 Conjurations
 + Level 6.5 Fire Magic


You had 5 spell levels left.
You knew the following spells:

 Your Spells              Type           Power        Failure   Level  Hunger
a - Flame Tongue          Conj/Fire      #####        1%          1    None
b - Throw Flame           Conj/Fire      #####.       1%          2    None
c - Conjure Flame         Conj/Fire      #####...     1%          3    #......
d - Sticky Flame          Conj/Fire      #####...     6%          4    ###....


Dungeon Overview and Level Annotations

Branches:
Dungeon (1/1)

Altars:
Cheibriados
Dithmenos
Elyvilon
Fedhas
Gozag
Hepliaklqana
Kikubaaqudgha
Makhleb
Nemelex Xobeh
Okawaru
Qazlal
Ru
Sif Muna
Trog
Uskayaw
Vehumet
Wu Jian
Xom
Yredelemnul
Zin
The Shining One
Beogh
Jiyva
Lugonu


Innate Abilities, Weirdness & Mutations

You cannot wear most types of armour.
You are very stealthy in the water. (Stealth+)
You are amphibious.
You can wear up to eight rings at the same time.
You can use your tentacles to constrict eight enemies at once.
Your skin changes colour to match your surroundings (Stealth+).
Your rubbery body absorbs attacks. (AC +1, EV +1)


Message History

The orc wizard seems to speed up.
You see here a +0 helmet.
The orc warrior burns!
The orc wizard casts a spell.
The orc wizard flickers and vanishes!
Deactivating autopickup; reactivate with Ctrl-A.
You see here a +0 pair of gloves.
The orc warrior burns!
The orc warrior stops burning.
Items here: ))))))
You see here an uncursed staff of energy.
Casting: Sticky Flame
Confirm with . or Enter, or press ? or * to list all spells.
Aiming: Sticky Flame
Press: ? - help, Shift-Dir - straight line, f/p - orc warrior
Aim: an orc warrior, wielding a short sword and wearing a plate armour (almost dead)
You miscast Sticky Flame.
You are very lightly contaminated with residual magic.
Nothing appears to happen.
The orc warrior hits you with a short sword!
You die...

▓.▓
▓.▓
▓5▓
▓l▓
▓[▓
▓)▓
▓|▓
▓o▓
▓@▓
▓'▓
▓_▓
▓_▓
▓_▓
▓_▓
▓_▓
▓_▓
▓_▓


You could see an orc warrior, an iguana and a shadow imp.

Vanquished Creatures
  A killer bee (D)
  A scorpion (D)
  A quasit (D)
  An ooze (D)
  A dart slug (D)
  2 orcs (D)
  2 goblins (D)
  2 frilled lizards (D)
11 creatures vanquished.

Notes
Turn   | Place    | Note
-------+----------+-------------------------------------------
     0 | D        | Naow the Octopode Fire Elementalist began the quest for the Orb.
     0 | D        | Reached XP level 1. HP: 11/11 MP: 3/3
    19 | D        | Reached XP level 2. HP: 7/17 MP: 0/5
    52 | D        | Learned a level 2 spell: Throw Flame
   284 | D        | Noticed a scorpion
   286 | D        | Reached skill level 4 in Fire Magic
   299 | D        | Reached XP level 3. HP: 17/21 MP: 6/8
   301 | D        | Killed a scorpion
   301 | D        | Reached skill level 5 in Fire Magic
   301 | D        | Reached XP level 4. HP: 22/27 MP: 6/10
   304 | D        | Reached skill level 5 in Spellcasting
   304 | D        | Reached skill level 5 in Conjurations
   353 | D        | Learned a level 3 spell: Conjure Flame
   358 | D        | Learned a level 4 spell: Sticky Flame
   422 | D        | Found a roughly hewn altar of Beogh.
   422 | D        | Found a snail-covered altar of Cheibriados.
   422 | D        | Found a shadowy altar of Dithmenos.
   422 | D        | Found a white marble altar of Elyvilon.
   422 | D        | Found a blossoming altar of Fedhas.
   422 | D        | Found an opulent altar of Gozag.
   423 | D        | Found a hazy altar of Hepliaklqana.
   424 | D        | Found a viscous altar of Jiyva.
   425 | D        | Found an ancient bone altar of Kikubaaqudgha.
   426 | D        | Found a corrupted altar of Lugonu.
   427 | D        | Found a burning altar of Makhleb.
   428 | D        | Found a sparkling altar of Nemelex Xobeh.
   429 | D        | Found an iron altar of Okawaru.
   430 | D        | Found a stormy altar of Qazlal.
   431 | D        | Found a sacrificial altar of Ru.
   432 | D        | Found a deep blue altar of Sif Muna.
   433 | D        | Found a bloodstained altar of Trog.
   434 | D        | Found a hide-covered altar of Uskayaw.
   435 | D        | Found a radiant altar of Vehumet.
   436 | D        | Found an ornate altar of the Wu Jian Council.
   437 | D        | Found a shimmering altar of Xom.
   438 | D        | Found a basalt altar of Yredelemnul.
   439 | D        | Found a glowing silver altar of Zin.
   440 | D        | Found a glowing golden altar of the Shining One.
   443 | D        | Became a worshipper of Vehumet
   467 | D        | Noticed a yak
   467 | D        | Noticed an orc warrior
   470 | D        | Reached skill level 6 in Fire Magic
   470 | D        | Reached XP level 5. HP: 31/31 MP: 8/13
   480 | D        | Slain by an orc warrior

Vault maps used:
D:        linesprint

Skill      XL: |  1  2  3  4 |
---------------+-------------+-----
Conjurations   | 2 3 4 5 |  5.7
Spellcasting   | 4 5 |  5.6
Fire Magic     | 4 5 6 |  6.5
Dodging        | |  2.0
Stealth        | |  2.6

Action                   |  1- 3 |  4- 6 || total
-------------------------+-------+-------++-------
Melee: Unarmed           |    22 |       ||    22
       Constrict         |     6 |       ||     6
       Tentacles         |     3 |       ||     3
       Dagger            |     8 |     4 ||    12
 Cast: Flame Tongue      |     4 |       ||     4
       Sticky Flame      |       |     2 ||     2
  Use: Potion            |     1 |       ||     1
 Stab: Sleeping          |     1 |       ||     1
Armor: Skin              |     9 |       ||     9
Dodge: Dodged            |    23 |     6 ||    29
